 Dungeon Crawl Stone Soup version 0.25.1-8-g42b30a86e7 (webtiles) character file.

Game seed: 13082598911091919022

15894 Clowwww the Cleaver (level 12, 0/141 HPs)
             Began as a Demonspawn Fighter on Dec 26, 2020.
             Was a Priest of Trog.
             Hit by a silver javelin thrown by a minotaur (4 damage)
             ... in a Gauntlet.
             The game lasted 00:35:16 (11354 turns).

Clowwww the Cleaver (Demonspawn Fighter)           Turns: 11354, Time: 00:35:16

Health: 0/141      AC: 13    Str: 22    XL:     12   Next: 5%
Magic:  0/13       EV: 12    Int: 12    God:    Trog [***...]
Gold:   634        SH: 20    Dex: 15    Spells: 11/11 levels left

rFire    + + .     SeeInvis .   a - +2 war axe
rCold    x . .     Gourm    .   c - +0 kite shield
rNeg     . . .     Faith    .   w - +4 scale mail
rPois    .         Spirit   +   (no helmet)
rElec    .         Reflect  .   (no cloak)
rCorr    .         Harm     .   B - +0 pair of gloves "Ykefrowk" {Dex+3}
MR       +++..     NoTele   +   (boots unavailable)
Stlth    ..........             C - amulet of regeneration
HPRegen  1.73/turn              v - ring of protection from magic
MPRegen  0.13/turn              A - ring "Tipuc" {Fire Str+2}

@: berserking (expiring), regenerating (expiring), very quick
A: hooves 3, large bone plates 3, fire resistance 1, magic shield
a: Berserk, Trog's Hand, Renounce Religion


You were in a Gauntlet.
You worshipped Trog.
Trog was most pleased with you.
You were very hungry.

You visited 2 branches of the dungeon, and saw 15 of its levels.
You also visited: Gauntlet.

You collected 634 gold pieces.

Inventory:

Hand Weapons
 a - a +2 war axe (weapon)
 H - the +7 great mace "Firestarter" {inner flame, rF++}
   (You took it off a fire giant on level 10 of the Dungeon)

   It has been specially enchanted to burn those struck by it, causing extra
   injury to most foes and up to half again as much damage against particularly
   susceptible opponents.
   It greatly protects you from fire.
Missiles
 e - 8 boomerangs (quivered)
 g - 6 javelins
 I - a throwing net
Armour
 c - a +0 kite shield (worn)
 w - a +4 scale mail (worn)
 B - the +0 pair of gloves "Ykefrowk" (worn) {Dex+3}
   (You found it in a Gauntlet)

   It affects your dexterity (+3).
Jewellery
 b - a cursed amulet of inaccuracy {unknown}
 n - an uncursed ring of resist corrosion
 q - an uncursed ring of positive energy
 v - a ring of protection from magic (left hand)
 A - the ring "Tipuc" (right hand) {Fire Str+2}
   (You took it off a fire giant on level 10 of the Dungeon)

   [ring of fire]

   It enhances your fire magic.
   It affects your strength (+2).
   It protects you from fire.
   It makes you vulnerable to cold.
 C - an amulet of regeneration (around neck)
 L - an uncursed amulet of the acrobat {unknown}
Wands
 j - a wand of enslavement (10)
 o - a wand of polymorph (14)
 p - a wand of iceblast (3)
 s - a wand of acid (2)
 y - a wand of clouds (2)
 D - a wand of flame (21)
Scrolls
 h - a scroll of fear
 l - 2 scrolls of teleportation
 F - a scroll of magic mapping
 M - a scroll of enchant armour
Potions
 d - 2 potions of might
 k - a potion of magic {unknown}
 m - 2 potions of cancellation
 r - 4 potions of flight
 u - 3 potions of stabbing
 x - 2 potions of haste
 z - 4 potions of curing
 E - a potion of berserk rage
Comestibles
 f - 19 rations


   Skills:
 + Level 8.5 Fighting
 + Level 11.3 Axes
 + Level 2.7 Throwing
 + Level 7.0 Armour
 + Level 5.3 Dodging
 + Level 1.0 Stealth
 + Level 8.6 Shields
 + Level 2.2 Evocations


You had 11 spell levels left.
You didn't know any spells.
Your spell library was empty.

Dungeon Overview and Level Annotations

Branches:
Dungeon (14/15)            Temple (1/1) D:5            Lair (0/6) D:9
    Orc (0/2) D:12         Vaults (0/5) D:13        Gauntlet (1/1)

Altars:
Ashenzari
Cheibriados
Dithmenos
Elyvilon
Fedhas
Gozag
Hepliaklqana
Kikubaaqudgha
Makhleb
Nemelex Xobeh
Okawaru
Qazlal
Ru
Sif Muna
Trog
Uskayaw
Vehumet
Wu Jian
Xom
Yredelemnul
Zin
The Shining One

Annotations:
D:13 Nessos Gauntlet 7 transporters


Innate Abilities, Weirdness & Mutations

You have hooves in place of feet.
You are completely covered in large bone plates. (SH +8)
Your flesh is heat resistant. (rF+)
When hurt, damage is shared between your health and your magic reserves.


Message History

You feel the effects of Trog's Hand fading.
You block the minotaur's attack. The minotaur closely misses you.
You slash the minotaur!
The minotaur is severely wounded.
You completely miss the minotaur.
The minotaur furiously retaliates!
The minotaur headbutts you!
* * * LOW HITPOINT WARNING * * *
Your kick misses the minotaur.
The minotaur is severely wounded.
The minotaur hits you with a +2 flail of protection!!
* * * LOW HITPOINT WARNING * * *
The minotaur gores you but does no damage.
You hit the minotaur but do no damage. Your kick misses the minotaur.
The minotaur is severely wounded.
You block the minotaur's attack. x2
You feel a strong urge to attack something.
The minotaur throws a silver javelin.
The silver javelin pierces through you!
* * * LOW HITPOINT WARNING * * *
The silver sears you!
You die...

..#..#... #####..#.##...
#≈8≈#..##^.#.#
########...#..#....©.
#........8.#####..#^#
##.##.###.....©#^#####
#8........8.####..#..^
#.....#.#...#..#...=33
#######@#.#.8.#..#######
)8=8.8#...#...#§........
......'.###.8.#§§.......
[8:8.8#H.(#...#§§.......
#######.#.#.8.#..#######
#.....#.#...#..#...(§[
#8........8.####.^....
##.##.###.....©#^#####
#........8.####.#^#.#


You could see a minotaur.

Vanquished Creatures
  A fire giant (D:10)
  Erica (D:8)
  A hydra (D:10)
  2 catoblepae (Gauntlet)
  A soul eater (Gauntlet)
  A cyclops (D:11)
  3 gargoyles (Gauntlet)
  2 centaur zombies
  Maggie (D:6)
  2 molten gargoyles (Gauntlet)
  4 trolls
  A slime creature (D:14)
  Sigmund (D:2)
  A spriggan (D:8)
  11 yaks (D:11)
  A wyvern (D:10)
  A human (D:12)
  4 fire bats (D:10)
  3 orc warriors
  3 ice beasts
  2 sky beasts
  2 black bears
  2 phantoms
  5 ogres
  5 centaurs
  2 wolves
  7 bullfrogs
  2 scorpions
  6 howler monkeys
  2 electric eels (D:9)
  A crimson imp (D:11)
  A jelly (D:9)
  2 bullfrog zombies (D:6)
  A quasit (D:8)
  9 hounds
  8 orc wizards
  4 orc priests
  4 centaur skeletons
  2 iguanas
  Ijyb (D:5)
  Natasha (thrice) (D:2)
  4 worker ants
  2 hound skeletons
  3 gnolls (D:2)
  7 adders
  5 shadow imps
  2 oozes (D:6)
  An adder zombie (D:5)
  3 worms
  A dart slug (D:2)
  6 leopard geckos
  40 orcs
  7 bats
  7 giant cockroaches
  6 goblins
  4 hobgoblins
  12 jackals
  3 quokkas
  A ball python (D:3)
  6 frilled lizards
  A giant cockroach zombie (D:5)
  4 kobolds
  A quokka skeleton (D:4)
  7 rats
249 creatures vanquished.

Vanquished Creatures (others)
  14 demonic plants (Gauntlet)
  A fungus (Gauntlet)
15 creatures vanquished.

Grand Total: 264 creatures vanquished

Notes
Turn   | Place    | Note
-------+----------+-------------------------------------------
     0 | D:1      | Clowwww the Demonspawn Fighter began the quest for the Orb.
     0 | D:1      | Reached XP level 1. HP: 18/18 MP: 1/1
   211 | D:1      | Gained mutation: When hurt, damage is shared between your
                  | health and your magic reserves. [demonic ancestry]
   211 | D:1      | Reached XP level 2. HP: 16/24 MP: 2/2
   739 | D:1      | Reached skill level 2 in Axes
   790 | D:2      | Noticed Sigmund
   797 | D:2      | Killed Sigmund
   797 | D:2      | Reached skill level 3 in Axes
   797 | D:2      | Reached XP level 3. HP: 23/30 MP: 1/3
   797 | D:2      | Reached XP level 4. HP: 29/37 MP: 1/4
   797 | D:2      | Gained mutation: Your flesh is heat resistant. (rF+)
                  | [demonic ancestry]
   797 | D:2      | Reached XP level 5. HP: 33/42 MP: 1/5
  1425 | D:2      | Noticed Natasha
  1437 | D:2      | Killed Natasha
  1437 | D:2      | Reached skill level 4 in Axes
  1437 | D:2      | Gained mutation: You have large cloven feet. [demonic
                  | ancestry]
  1437 | D:2      | Reached XP level 6. HP: 40/48 MP: 4/6
  1598 | D:2      | Noticed Natasha
  1608 | D:2      | Killed Natasha
  1628 | D:2      | Noticed Natasha
  1641 | D:2      | Killed Natasha
  2362 | D:3      | Reached skill level 1 in Dodging
  2863 | D:4      | Reached skill level 1 in Throwing
  2966 | D:4      | Gained mutation: You are partially covered in large bone
                  | plates. (SH +4) [demonic ancestry]
  2966 | D:4      | Reached XP level 7. HP: 54/54 MP: 7/7
  3466 | D:4      | Reached skill level 5 in Axes
  3848 | D:5      | Entered Level 5 of the Dungeon
  3936 | D:5      | Noticed Ijyb
  3955 | D:5      | Killed Ijyb
  4193 | D:5      | Found a staircase to the Ecumenical Temple.
  4202 | Temple   | Entered the Ecumenical Temple
  4247 | Temple   | Became a worshipper of Trog the Wrathful
  5041 | D:6      | Noticed Maggie
  5055 | D:6      | Killed Maggie
  5055 | D:6      | Reached skill level 6 in Axes
  5055 | D:6      | Gained mutation: You have hoof-like feet. [demonic
                  | ancestry]
  5055 | D:6      | Reached XP level 8. HP: 30/61 MP: 4/8
  5456 | D:6      | Reached * piety under Trog
  5579 | D:6      | Reached skill level 5 in Fighting
  6074 | D:6      | Found an iron altar of Okawaru.
  6356 | D:7      | Got a steaming leather armour
  6360 | D:7      | Identified the cursed +1 leather armour "Jemag" {Harm
                  | *Corrode Regen+ Int+5} (You found it on level 7 of the
                  | Dungeon)
  6540 | D:7      | Reached skill level 7 in Axes
  6633 | D:7      | Reached ** piety under Trog
  6633 | D:7      | Reached skill level 5 in Shields
  6681 | D:7      | Noticed a troll
  6691 | D:7      | Killed a troll
  6691 | D:7      | Gained mutation: You are mostly covered in large bone
                  | plates. (SH +6) [demonic ancestry]
  6691 | D:7      | Reached XP level 9. HP: 31/68 MP: 2/9
  7368 | D:8      | Reached skill level 5 in Armour
  7594 | D:8      | Found a stormy altar of Qazlal.
  7773 | D:8      | Noticed Erica
  7795 | D:8      | Killed Erica
  7795 | D:8      | Reached skill level 8 in Axes
  7924 | D:9      | Noticed a troll
  8015 | D:8      | Killed a troll
  8015 | D:8      | Gained mutation: You have hooves in place of feet. [demonic
                  | ancestry]
  8015 | D:8      | Reached XP level 10. HP: 19/77 MP: 3/10
  8127 | D:9      | Found a staircase to the Lair.
  8508 | D:9      | Reached skill level 9 in Axes
  9124 | D:10     | Entered Level 10 of the Dungeon
  9241 | D:10     | Noticed a six-headed hydra
  9253 | D:10     | Killed a six-headed hydra
  9430 | D:10     | Identified the ring "Tipuc" {Fire Str+2}
  9430 | D:10     | Noticed a fire giant
  9442 | D:10     | Killed a fire giant
  9442 | D:10     | Reached skill level 10 in Axes
  9442 | D:10     | Reached skill level 1 in Evocations
  9442 | D:10     | Reached XP level 11. HP: 80/85 MP: 10/12
  9471 | D:10     | Reached *** piety under Trog
 10317 | D:11     | Reached skill level 1 in Stealth
 10412 | D:11     | Reached skill level 5 in Dodging
 10619 | D:11     | You fall into a shaft and drop 3 floors!
 10693 | D:13     | Found a gate to the Vaults.
 10693 | D:13     | Noticed an orc knight
 10693 | D:13     | Noticed a two-headed ogre
 10693 | D:13     | Noticed Nessos
 10716 | D:12     | Found a gate leading to a gauntlet.
 10736 | Gauntlet | Entered a Gauntlet
 10736 | Gauntlet | Found a transporter.
 10736 | Gauntlet | Found a transporter.
 10741 | Gauntlet | Found a transporter.
 10741 | Gauntlet | Found a transporter.
 10750 | Gauntlet | Found a transporter.
 10750 | Gauntlet | Noticed a queen ant
 10762 | Gauntlet | Noticed a sixfirhy
 10770 | Gauntlet | Found a transporter.
 10771 | Gauntlet | Noticed a sixfirhy
 10771 | Gauntlet | Noticed a sixfirhy
 10771 | Gauntlet | Noticed a catoblepas
 10774 | Gauntlet | Found a transporter.
 10774 | Gauntlet | Found a transporter.
 10774 | Gauntlet | Noticed a catoblepas
 10779 | Gauntlet | Noticed a sixfirhy
 10793 | Gauntlet | Found a transporter.
 10795 | Gauntlet | Noticed a sixfirhy
 10797 | Gauntlet | Noticed a sixfirhy
 10820 | Gauntlet | Noticed a soul eater
 10822 | Gauntlet | Found a transporter.
 10881 | Gauntlet | HP: 5/129 [soul eater/drain life (15)]
 10891 | Gauntlet | Killed a soul eater
 10965 | Gauntlet | Found a transporter.
 10999 | Gauntlet | Noticed a fire crab
 11000 | Gauntlet | Reached skill level 11 in Axes
 11032 | Gauntlet | HP: 1/86 [catoblepas (10)]
 11038 | Gauntlet | Killed a catoblepas
 11155 | Gauntlet | Found a transporter.
 11166 | Gauntlet | Found a transporter.
 11192 | Gauntlet | Killed a catoblepas
 11203 | Gauntlet | Gained mutation: You are completely covered in large bone
                  | plates. (SH +8) [demonic ancestry]
 11203 | Gauntlet | Reached XP level 12. HP: 73/94 MP: 9/13
 11245 | Gauntlet | Got a pair of faintly glowing gloves
 11256 | Gauntlet | Identified the +0 pair of gloves "Ykefrowk" {Dex+3} (You
                  | found it in a Gauntlet)
 11324 | Gauntlet | Identified the +0 kite shield of Joreo {Str+6}
 11324 | Gauntlet | Identified the ring "Cyigecur" {rN+ EV+4 Str+4}
 11324 | Gauntlet | Noticed a minotaur
 11354 | Gauntlet | HP: 4/141 [minotaur/silver javelin (13)]
 11354 | Gauntlet | Hit by a silver javelin thrown by a minotaur

Illustrated notes

Levels and vault maps discovered:
D:1:      scummos_arrival_forest, layout_loops_ring
D:2:      layout_loops_cross, minmay_misc_feat_four_crosses, item_on_display_a,
          uniq_natasha, uniq_sigmund
D:3:      layout_basic
D:4:      layout_basic
D:5:      layout_rooms, temple_statues, first_ration, kennysheep_generic_room_7,
          uniq_ijyb
D:6:      layout_basic, basic_altar, kennysheep_potato, uniq_maggie
D:7:      layout_loops_ring
D:8:      layout_rooms, nicolae_qazlal_general_emergency,
          eino_small_chamber_without_monster, the_bakery, uniq_erica
D:9:      layout_stronghold, erik_lair_island
D:10:     minmay_firetagon, layout_small_grid
D:11:     layout_roguey
D:12:     layout_roguey [special_room_orc], hiddenorc2_lemuel,
          gauntlet_entry_generic, lemuel_another_geyser
D:13:     layout_loops_ring, david_vaults_3, hangedman_decor_push, wad_dig_loot
D:14:     layout_long_grid, serial_park_paths [serial_park_minivault_5x5_5]
Temple:   nicolae_temple_the_god_donut
Gauntlet: gammafunk_gauntlet_branching [nicolae_gauntlet_arena_x,
          gammafunk_gauntlet_arena_mazey, nicolae_gauntlet_arena_quarters,
          gammafunk_gauntlet_arena_split_x, gammafunk_gauntlet_arena_hedges,
          nicolae_gauntlet_arena_flowing_pool, gammafunk_gauntlet_arena_teeth,
          gammafunk_gauntlet_arena_chambers,
          nicolae_gauntlet_exit_dead_adventurers]

Skill      XL: |  1  2  3  4  5  6  7  8  9 10 11 12 |
---------------+-------------------------------------+-----
Armour         | 3 4 5 6 7 |  7.0
Axes           | 3 4 6 7 8 10 11 | 11.3
Shields        | 3 4 5 6 7 8 |  8.6
Fighting       | 4 5 6 7 8 |  8.5
Dodging        | 1 2 3 4 5 |  5.3
Throwing       | 1 2 |  2.7
Evocations     | 1 2 |  2.2
Stealth        | 1 |  1.0

Action                   |  1- 3 |  4- 6 |  7- 9 | 10-12 || total
-------------------------+-------+-------+-------+-------++-------
Melee: War axe           |    59 |   130 |   381 |   363 ||   933
       Kick              |       |    15 |    33 |   124 ||   172
Throw: Boomerang         |     7 |    20 |       |    31 ||    58
       Throwing net      |       |       |     2 |     2 ||     4
Invok: Berserk           |       |       |     1 |     4 ||     5
       Trog's Hand       |       |       |       |     2 ||     2
Evoke: Wand              |       |       |     2 |    23 ||    25
  Use: Potion            |     1 |       |     5 |     4 ||    10
       Scroll            |       |     7 |    16 |     5 ||    28
 Stab: Confused          |       |       |       |     3 ||     3
  Eat: Chunk             |       |     7 |    17 |    15 ||    39
Armor: Scale mail        |    31 |    38 |   168 |   102 ||   339
Dodge: Dodged            |    20 |    38 |   131 |    87 ||   276
Block: Kite shield       |    47 |    62 |   332 |   318 ||   759
